 Dungeon Crawl Stone Soup version 0.30-a0-1074-g5db6f66fbb (webtiles) character file.

Game seed: 8762709415315835756

86 xian the Gusty (level 4, -6/30 HPs)
             Began as a Demonspawn Air Elementalist on Apr 13, 2023.
             Was an Initiate of Vehumet.
             Mangled by a gnoll
             ... wielding a +0 flail
              (7 damage)
             ... on level 3 of the Dungeon.
             The game lasted 00:04:27 (2648 turns).

xian the Gusty (Demonspawn Air Elementalist)        Turns: 2648, Time: 00:04:27

Health: -6/30      AC:  3    Str:  9    XL:     4   Next: 27%
Magic:  0/8        EV: 12    Int: 18    God:    Vehumet [......]
Gold:   147        SH:  0    Dex: 13    Spells: 2/8 levels left

rFire   . . .      SeeInvis .    a - +0 dagger (venom)
rCold   . . .      Faith    .    (no shield)
rNeg    . . .      Spirit   .    f - +0 leather armour
rPois   .          Reflect  .    (no helmet)
rElec   .          Rampage  .    (no cloak)
rCorr   .                        (no gloves)
Will    .....                    (no boots)
Stlth   ++                       (no amulet)
HPRegen 0.25/turn                (no ring)
MPRegen 0.11/turn                (no ring)

@: very slightly contaminated
A: sturdy frame 1
a: Renounce Religion


You were on level 3 of the Dungeon.
You worshipped Vehumet.
Vehumet was noncommittal.
You visited 1 branch of the dungeon, and saw 3 of its levels.

You collected 147 gold pieces.

Inventory:

Hand Weapons
 a - a +0 dagger of venom (weapon)
Armour
 f - a +0 leather armour (worn)
Scrolls
 d - a scroll of fog {unknown}
 g - a scroll of silence {unknown}
 h - 2 scrolls of enchant armour {unknown}
 i - 5 scrolls of identify {unknown}
 j - 2 scrolls of enchant weapon {unknown}
Potions
 c - a potion of brilliance {unknown}
 e - a potion of haste {unknown}
 k - a potion of might {unknown}
 l - a potion of mutation {unknown}


   Skills:
 + Level 1.8 Dodging
 + Level 2.2 Stealth
 + Level 2.8 Spellcasting
 + Level 1.8 Conjurations
 + Level 3.5 Air Magic


You had 2 spell levels left.
You knew the following spells:

 Your Spells              Type           Power      Damage    Failure   Level
a - Shock                 Conj/Air       48%        1d6       6%          1
b - Static Discharge      Conj/Air       24%        2-3/arc   9%          2
c - Swiftness             Air            15%        N/A       12%         3

Your spell library contained the following spells:

 Spells                   Type           Power      Damage    Failure   Level
 Sublimation of Blood     Necr           2%         N/A       26%         2
 Wereblood                Tmut           2%         N/A       26%         2
 Airstrike                Air            7%         2d(2-18)  38%         4
 Summon Hydra             Summ           1%         N/A       100%        7


Dungeon Overview and Level Annotations

Branches:
Dungeon (3/15)

Altars:
Cheibriados
Hepliaklqana
Vehumet


Innate Abilities, Weirdness & Mutations

Your movements are slightly less encumbered by armour. (ER -2)


Message History

The gnoll hits you with a +0 whip! The gnoll attacks as you move away!
The gnoll hits you with a +0 whip.
* * * LOW HITPOINT WARNING * * *
Your magical contamination has completely faded away.
Magic courses through your body. The gnoll closely misses you.
Casting: Shock (safe; 6% risk of failure)
Confirm with . or Enter, or press ? or * to list all spells.
The gnoll is struck by an arc of lightning.
The gnoll is heavily wounded.
You are struck by an arc of lightning.
* * * LOW HITPOINT WARNING * * *
The gnoll is struck by an arc of lightning.
The gnoll is severely wounded.
The gnoll is struck by an arc of lightning.
The gnoll is moderately wounded.
The lightning grounds out.
The gnoll barely misses you.
Casting: Static Discharge (safe; 10% risk of failure)
Confirm with . or Enter, or press ? or * to list all spells.
You miscast Static Discharge.
You are very lightly contaminated with residual magic.
Nothing appears to happen.
The gnoll barely misses you.
Casting: Static Discharge (safe; 10% risk of failure)
Confirm with . or Enter, or press ? or * to list all spells.
The gnoll is struck by an arc of lightning.
You kill the gnoll!
Vehumet accepts your kill.
You are struck by an arc of lightning.
* * * LOW HITPOINT WARNING * * *
The lightning grounds out.
Casting: Static Discharge (safe; 9% risk of failure)
Confirm with . or Enter, or press ? or * to list all spells.
The gnoll is struck by an arc of lightning.
The gnoll is heavily wounded.
You are struck by an arc of lightning.
* * * LOW HITPOINT WARNING * * *
The lightning grounds out.
The gnoll closely misses you.
You barely miss the gnoll.
The gnoll is heavily wounded.
The gnoll hits you with a +0 flail!
You die...

#####.#########...###<#
................#.# #.#
.......########...#
#.####### .#######
##.## #........ #.#
#.######. #.# #.#####.#
#.# #......# #.#
#..####.# #@# #..# #g#
##..# #.# #..<# #.#
#.#.# #.# #.#.# #)#
#.#.# #.# #.#.# #.#
#.#.# #.# #.#.#


You could see a gnoll.

Vanquished Creatures
  2 gnolls (D:3)
  An adder (D:2)
  A worm (D:3)
  A dart slug (D:1)
  2 ball pythons (D:2)
  4 endoplasms
  2 giant cockroaches
  5 goblins
  3 hobgoblins
  7 jackals
  6 kobolds
  2 quokkas (D:1)
  6 bats
  3 frilled lizards
  3 rats (D:1)
48 creatures vanquished.

Notes
Turn   | Place    | Note
-------+----------+-------------------------------------------
     0 | D:1      | xian the Demonspawn Air Elementalist began the quest for
                  | the Orb.
     0 | D:1      | Reached XP level 1. HP: 13/13 MP: 3/3
   290 | D:1      | Gained mutation: Your movements are slightly less
                  | encumbered by armour. (ER -2) [demonic ancestry]
   290 | D:1      | Reached XP level 2. HP: 19/19 MP: 1/5
   763 | D:1      | Reached skill level 3 in Air Magic
   894 | D:1      | Reached XP level 3. HP: 24/24 MP: 1/6
  2030 | D:2      | Learned a level 2 spell: Static Discharge
  2034 | D:2      | Learned a level 3 spell: Swiftness
  2424 | D:3      | Found a hazy altar of Hepliaklqana.
  2426 | D:3      | Found a snail-covered altar of Cheibriados.
  2427 | D:3      | Found a radiant altar of Vehumet.
  2435 | D:3      | Became a worshipper of Vehumet
  2637 | D:3      | Reached XP level 4. HP: 23/30 MP: 1/8
  2647 | D:3      | HP: 1/30 [/static electricity (2)]
  2648 | D:3      | Mangled by a gnoll

Illustrated notes

Levels and vault maps discovered:
D:1:      matt_arrival_refuge, layout_basic
D:2:      layout_loops_ring, minmay_misc_feat_four_crosses,
          roderic_serpentine_path, chequers_serial_rivers_large_b
D:3:      layout_loops_ring, chequers_temple_overflow_statue_of_worship,
          item_on_display_a, uniq_natasha, uniq_jessica

Skill      XL: |  1  2 |
---------------+-------+-----
Stealth        | 2 |  2.2
Air Magic      | 3 |  3.5
Dodging        | |  1.8
Spellcasting   | |  2.8
Conjurations   | |  1.8

Action                     |  1- 3 |  4- 6 || total
---------------------------+-------+-------++-------
  Melee: Unarmed           |    10 |       ||    10
         Dagger            |    10 |     2 ||    12
   Cast: Shock             |    93 |     1 ||    94
         Static Discharge  |     2 |     3 ||     5
    Use: Potion            |       |     1 ||     1
 Armour: Robe              |     2 |       ||     2
         Leather armour    |     4 |       ||     4
  Dodge: Dodged            |    29 |     4 ||    33

Table legend: (Time is in decaauts)
 A = Elapsed time spent in this place.
 B = Non-inter-level travel time spent in this place.
 C = Inter-level travel time spent in this place.
 D = Time resting spent in this place.
 E = Time spent auto-exploring this place.
 F = Levels seen in this place.
 G = Mean time per level.
                   A        B        C        D        E       F      G
               +--------+--------+--------+--------+--------+-----+--------+
         Total |   2674 |   2645 |     29 |      0 |   2296 |   3 |  891.3 |
       Dungeon |   2674 |   2645 |     29 |      0 |   2296 |   3 |  891.3 |
               +--------+--------+--------+--------+--------+-----+--------+

Top non-repeatable levels by time:
     D:1: 1227 daAuts
     D:2: 1136 daAuts
     D:3: 311 daAuts
